[Event "Late-Titled-Tuesday-Blitz-October-03-2023"]
[Site "Chess.com"]
[Date "2023.10.03"]
[Round "1"]
[White "AyMitecK"]
[Black "jjbolanos"]
[Result "1-0"]
[WhiteElo "2530"]
[BlackElo "2104"]
[TimeControl "180+1"]
[EndTime "14:01:54 PDT"]
[Termination "AyMitecK won by resignation"]

1. e4 c5 2. Nf3 e6 3. Nc3 a6 4. d4 cxd4 5. Nxd4 Qc7 6. a3 Nf6 7.
Be3 b5 8. Be2 b4 9. axb4 Bxb4 10. O-O Bxc3 11. Nb5 Nxe4 12. Nxc7+ 1-0

[Event "Late-Titled-Tuesday-Blitz-October-03-2023"]
[Site "Chess.com"]
[Date "2023.10.03"]
[Round "1"]
[White "Mikhail_Golubev"]
[Black "NMZanette"]
[Result "1-0"]
[WhiteElo "2612"]
[BlackElo "2308"]
[TimeControl "180+1"]
[EndTime "14:02:16 PDT"]
[Termination "Mikhail_Golubev won by resignation"]

1. e4 c5 2. Nf3 d6 3. d4 cxd4 4. Nxd4 Nf6 5. Nc3 a6 6. Bc4 e6 7. O-O Nbd7 8. Bxe6 fxe6 9. Nxe6 Qa5 10. Bd2 Kf7 11.
Nd5 Qa4 12. b3 Qc6 13. Nd8+ 1-0

[Event "Late-Titled-Tuesday-Blitz-October-03-2023"]
[Site "Chess.com"]
[Date "2023.10.03"]
[Round "1"]
[White "ChadBiryani"]
[Black "PNEPaul"]
[Result "1-0"]
[WhiteElo "2516"]
[BlackElo "1948"]
[TimeControl "180+1"]
[EndTime "14:02:28 PDT"]
[Termination "ChadBiryani won by resignation"]

1. d4 a6 2. Nf3 d6 3. g3 g6 4. Bg2 h6 5. O-O Bg7 6. e4 Nd7 7. Nc3 e5 8. Be3 Ne7 9. Qd2 f5 10.
dxe5 dxe5 11. Rad1 fxe4 12. Nxe4 Nf5 13. Bc5 b6 14.
Ba3 c5 15. g4 Nd4 16. Nd6+ Kf8 17. Nxd4 1-0

[Event "Late-Titled-Tuesday-Blitz-October-03-2023"]
[Site "Chess.com"]
[Date "2023.10.03"]
[Round "1"]
[White "Harsha_Bharathakoti"]
[Black "rdarruda"]
[Result "1-0"]
[WhiteElo "2916"]
[BlackElo "2474"]
[TimeControl "180+1"]
[EndTime "14:02:35 PDT"]
[Termination "Harsha_Bharathakoti won by resignation"]

1. d4 Nf6 2. Bg5 e6 3. e4 Be7 4. e5 Nd5 5. Bxe7 Qxe7 6. c4 Qb4+ 7. Nd2 Ne7 8. Qc1 Nf5 9. Nf3 Nc6 10. a3 Qe7 11.
Qc3 d6 12. Bd3 dxe5 13. dxe5 O-O 14. O-O b6 15. Be4 Bb7 16. b4 Ncd4 17. Nxd4 1-0

[Event "Late-Titled-Tuesday-Blitz-October-03-2023"]
[Site "Chess.com"]
[Date "2023.10.03"]
[Round "1"]
[White "KVAIDAN"]
[Black "Misticpikachu"]
[Result "1-0"]
[WhiteElo "2269"]
[BlackElo "2563"]
[TimeControl "180+1"]
[EndTime "14:02:40 PDT"]
[Termination "KVAIDAN won by checkmate"]

1. f4 d5 2. Nf3 Nf6 3. e3 e6 4. b3 Bd6 5. Bb2 O-O 6. Bd3 Nbd7 7. O-O c6 8. Ne5 Qc7 9. Nxd7 Nxd7 10. Bxh7+ Kxh7 11.
Qh5+ Kg8 12. Bxg7 f5 13. Qg6 Nc5 14. Bf6+ Qg7 15. Qxg7# 1-0

[Event "Late-Titled-Tuesday-Blitz-October-03-2023"]
[Site "Chess.com"]
[Date "2023.10.03"]
[Round "1"]
[White "vladislavkovalev"]
[Black "leoduarte"]
[Result "1-0"]
[WhiteElo "2876"]
[BlackElo "2452"]
[TimeControl "180+1"]
[EndTime "14:02:43 PDT"]
[Termination "vladislavkovalev won by resignation"]

1. e4 e5 2. Nf3 Nc6 3. Bb5 a6 4. Ba4 Nf6 5. O-O b5 6. Bb3 Bc5 7. a4 Rb8 8. c3 d6 9. d4 Bb6 10. a5 Ba7 11. h3 h6 12. Be3 Bb7 13. d5 1-0

[Event "Late-Titled-Tuesday-Blitz-October-03-2023"]
[Site "Chess.com"]
[Date "2023.10.03"]
[Round "1"]
[White "queen_iryna"]
[Black "Kirill_Klukin"]
[Result "0-1"]
[WhiteElo "2374"]
[BlackElo "2685"]
[TimeControl "180+1"]
[EndTime "14:03:10 PDT"]
[Termination "Kirill_Klukin won by resignation"]

1. e4 c5 2. Nf3 Nc6 3. d4 cxd4 4. Nxd4 e5 5. Nxc6 bxc6 6. Nc3 Nf6 7. Bc4 Bb4 8. O-O h6 9. f3 O-O 10. Be3 Bb7 11. Qd2 d5 12. exd5 cxd5 13. a3 Bxc3 14. bxc3 dxc4 15. Qf2 Nd5 16. Bc5 Re8 17. Rad1 Qa5 18.
Bb4 Nxb4 19. axb4 Qb6 20. Rfe1 Qxf2+ 21. Kxf2 Re7 22. Rd6 f6 23. Red1 Kf7 24. Ke3 a5 25. bxa5 Rxa5 26. Rb6 Ra3 27. Rdb1 Bd5 28. Rd6 Be6 29.
Kd2 Raa7 30. Rbb6 Red7 31. Ke3 Rxd6 32. Rxd6 Ra2 33. Kd2 Bf5 0-1

[Event "Late-Titled-Tuesday-Blitz-October-03-2023"]
[Site "Chess.com"]
[Date "2023.10.03"]
[Round "1"]
[White "mishanick"]
[Black "tgpgoat"]
[Result "1-0"]
[WhiteElo "3026"]
[BlackElo "2504"]
[TimeControl "180+1"]
[EndTime "14:03:15 PDT"]
[Termination "mishanick won by resignation"]

1. c4 Nf6 2. d4 e6 3. Nc3 Bb4 4. e3 d5 5. a3 Bxc3+ 6. bxc3 O-O 7.
cxd5 exd5 8. Bd3 c5 9. f3 Re8 10. Ne2 Nc6 11. O-O b6 12. Ng3 Bb7 13. Ra2 Rc8 14.
Re2 cxd4 15. cxd4 Na5 16. Kh1 Nc4 17. e4 dxe4 18. fxe4 Qxd4 19. e5 Red8 20. exf6 Qxd3 21. Re8+ Rxe8 22. Qxd3 Ne5 23. Qf5 Rc2 24. Qxc2 1-0

[Event "Late-Titled-Tuesday-Blitz-October-03-2023"]
[Site "Chess.com"]
[Date "2023.10.03"]
[Round "1"]
[White "MikeSailer"]
[Black "HajiyevKanan"]
[Result "0-1"]
[WhiteElo "2138"]
[BlackElo "2537"]
[TimeControl "180+1"]
[EndTime "14:03:15 PDT"]
[Termination "HajiyevKanan won by resignation"]

1. d4 d5 2. Bf4 c5 3. e3 cxd4 4. exd4 Nc6 5. c3 Nf6 6. Bd3 Bg4 7. f3 Bh5 8. Ne2 Bg6 9. O-O e6 10. Bg3 Bd6 11. Nf4 Bxd3 12. Nxd3 O-O 13. Ne5 Bxe5 14.
dxe5 Nd7 15. Qe2 Qb6+ 16. Kh1 Nc5 17. Bf2 Qa6 18. Qxa6 Nxa6 19. Nd2 Nxe5 20. Nb3 Nc4 21. Rab1 Rfc8 22. Nd4 Nd2 0-1

[Event "Late-Titled-Tuesday-Blitz-October-03-2023"]
[Site "Chess.com"]
[Date "2023.10.03"]
[Round "1"]
[White "MajorCoast"]
[Black "angelgab3"]
[Result "0-1"]
[WhiteElo "2243"]
[BlackElo "2575"]
[TimeControl "180+1"]
[EndTime "14:03:20 PDT"]
[Termination "angelgab3 won by resignation"]

1. d4 Nf6 2. Nf3 d5 3. c4 e6 4. g3 dxc4 5. Bg2 a6 6. O-O Nc6 7. e3 Rb8 8. Nfd2 e5 9. Bxc6+ bxc6 10. dxe5 Ng4 11. Nxc4 Be6 12. Qxd8+ Rxd8 13. b3 Bxc4 14. bxc4 Nxe5 15. Nd2 Bb4 16. Ne4 Nxc4 17. Rb1 a5 18. Bb2 O-O 19. Rfc1 Nxb2 20. Rxb2 Ba3 0-1

[Event "Late-Titled-Tuesday-Blitz-October-03-2023"]
[Site "Chess.com"]
[Date "2023.10.03"]
[Round "1"]
[White "biostatistician"]
[Black "leschebaza"]
[Result "1-0"]
[WhiteElo "2619"]
[BlackElo "2318"]
[TimeControl "180+1"]
[EndTime "14:03:38 PDT"]
[Termination "biostatistician won by resignation"]

1. d4 Nf6 2. Nf3 g6 3. c4 Bg7 4.
Nc3 d6 5. e4 O-O 6. Be2 e5 7.
dxe5 dxe5 8. Qxd8 Rxd8 9. Bg5 c6 10. Nxe5 Re8 11. O-O-O Nxe4 12. Nxe4 Bxe5 13. Nd6 Bxd6 14.
Rxd6 Nd7 15. Be3 Nb6 16. Rhd1 Be6 17. b3 h5 18. Kb2 Bf5 19. Kc3 Re6 20. Rd8+ Rxd8 21.
Rxd8+ Kh7 22. Bd4 g5 23. Bxh5 Kh6 24. Bxf7 Re2 25. Rh8+ Bh7 26. Bg8 Re7 27. Bxb6 axb6 28. Rxh7+ Rxh7 29. Bxh7 Kxh7 30. Kd4 Kg6 31. Ke5 b5 32. cxb5 cxb5 33. b4 b6 34. g4 1-0

[Event "Late-Titled-Tuesday-Blitz-October-03-2023"]
[Site "Chess.com"]
[Date "2023.10.03"]
[Round "1"]
[White "traack"]
[Black "JoakimVonAnd"]
[Result "1-0"]
[WhiteElo "2425"]
[BlackElo "2714"]
[TimeControl "180+1"]
[EndTime "14:03:50 PDT"]
[Termination "traack won by resignation"]

1. e4 g6 2. d4 Bg7 3. Nc3 a6 4. a4 d6 5. Nf3 Nd7 6. Be2 Ngf6 7. O-O O-O 8. e5 dxe5 9. dxe5 Ng4 10. e6 fxe6 11. Ng5 Nxf2 12. Rxf2 Rxf2 13. Kxf2 Qf8+ 14.
Kg1 Ne5 15. Qf1 Qe8 16. Bf4 b6 17. Bxe5 Bxe5 18. Qf3 Bd4+ 19. Kh1 Rb8 20. Bc4 Bb7 21.
Bxe6+ Kg7 22. Qh3 h6 23. Bd7 Bc8 24. Ne6+ Kh7 25. Bxe8 1-0

[Event "Late-Titled-Tuesday-Blitz-October-03-2023"]
[Site "Chess.com"]
[Date "2023.10.03"]
[Round "1"]
[White "vugarrasulov"]
[Black "slorovel"]
[Result "1-0"]
[WhiteElo "2948"]
[BlackElo "2488"]
[TimeControl "180+1"]
[EndTime "14:04:02 PDT"]
[Termination "vugarrasulov won by resignation"]

1. e4 c5 2. Nf3 Nc6 3. Bb5 g6 4. O-O Bg7 5. Re1 Nf6 6. Bxc6 dxc6 7. d3 O-O 8. h3 Nd7 9. Nc3 e5 10. a3 Re8 11. b4 cxb4 12. axb4 Nf8 13. b5 cxb5 14.
Nxb5 Qb6 15. c4 Ne6 16. Be3 Nd4 17. Bxd4 exd4 18. e5 Rd8 19. Nd6 Be6 20. Rb1 Qa6 21. Nxb7 Rdc8 22. Nxd4 Bd7 23. Nd6 Rc5 24. Nf3 Bxe5 25.
Nxe5 Qxd6 26. d4 Ra5 27. Qf3 Bf5 28. Qxa8+ Kg7 29. Rbd1 Ra2 30. Qd5 Qa3 31. Qxf7+ Kh6 32. Qf6 1-0

[Event "Late-Titled-Tuesday-Blitz-October-03-2023"]
[Site "Chess.com"]
[Date "2023.10.03"]
[Round "1"]
[White "sergoy"]
[Black "ural58"]
[Result "1-0"]
[WhiteElo "3006"]
[BlackElo "2500"]
[TimeControl "180+1"]
[EndTime "14:04:05 PDT"]
[Termination "sergoy won by resignation"]

1. d4 d5 2. c4 e5 3. dxe5 d4 4. Nf3 Nc6 5. a3 g6 6. g3 Bg7 7. Bg2 Nxe5 8. Nbd2 Nxf3+ 9. Nxf3 Ne7 10. O-O O-O 11.
Bf4 Nc6 12. b4 Re8 13. Rc1 h6 14. h4 Bg4 15. Qd2 Kh7 16. b5 Ne7 17. Ne5 Bxe5 18. Bxe5 c5 19. Qf4 Be6 20. Bxb7 Ng8 21. e3 f6 22. Bc7 Qe7 23. Bxa8 Rxa8 24. exd4 g5 25.
Qe4+ 1-0

[Event "Late-Titled-Tuesday-Blitz-October-03-2023"]
[Site "Chess.com"]
[Date "2023.10.03"]
[Round "1"]
[White "ContrVersia"]
[Black "Pomberito2"]
[Result "0-1"]
[WhiteElo "2867"]
[BlackElo "2477"]
[TimeControl "180+1"]
[EndTime "14:04:21 PDT"]
[Termination "Pomberito2 won by resignation"]

1. Nf3 Nf6 2. c4 e6 3. g3 b6 4. Bg2 Bb7 5. O-O Be7 6. d4 d5 7. cxd5 exd5 8. Nc3 O-O 9. Qb3 c6 10. Bf4 Na6 11. Rad1 Nc7 12. Ne5 Ne6 13. Bc1 Rc8 14.
Rfe1 Qc7 15. e4 Nxd4 16. Rxd4 Qxe5 17. Rdd1 Bc5 18. exd5 Qf5 19. Be3 Bxe3 20. Rxe3 cxd5 21. Nxd5 Nxd5 22. Bxd5 Bxd5 23. Rxd5 Qb1+ 24. Kg2 Rc1 25. Rd7 Rg1+ 26. Kf3 Qf5+ 0-1

[Event "Late-Titled-Tuesday-Blitz-October-03-2023"]
[Site "Chess.com"]
[Date "2023.10.03"]
[Round "1"]
[White "dennisodessa"]
[Black "DanielDardha2005"]
[Result "0-1"]
[WhiteElo "2470"]
[BlackElo "2902"]
[TimeControl "180+1"]
[EndTime "14:04:23 PDT"]
[Termination "DanielDardha2005 won by resignation"]

1. d4 a6 2. c4 Nf6 3. Nc3 c5 4. d5 b5 5. Nf3 e6 6. dxe6 fxe6 7.
cxb5 axb5 8. Nxb5 d5 9. e3 Bb7 10. Be2 Be7 11. O-O O-O 12. b3 Nc6 13. Bb2 Ne4 14.
Nc3 Bf6 15. Qc1 Nxc3 16. Bxc3 d4 17. Rd1 Qb6 18. Bb2 Rad8 19. Ba3 Nb4 20. Qc4 Ba6 0-1

[Event "Late-Titled-Tuesday-Blitz-October-03-2023"]
[Site "Chess.com"]
[Date "2023.10.03"]
[Round "1"]
[White "MarkoPe"]
[Black "djano"]
[Result "0-1"]
[WhiteElo "2361"]
[BlackElo "2680"]
[TimeControl "180+1"]
[EndTime "14:04:27 PDT"]
[Termination "djano won by resignation"]

1. e4 c5 2. Nf3 Nc6 3. d4 cxd4 4. Nxd4 g6 5. c4 e5 6. Nb5 d6 7. N1c3 a6 8. Na3 Nf6 9. Bg5 h6 10. Be3 Ng4 11. Bd2 Qb6 12. Qf3 Qxb2 13. Rb1 Qxa3 14. h3 Nd4 15. Qd1 Nf6 0-1

[Event "Late-Titled-Tuesday-Blitz-October-03-2023"]
[Site "Chess.com"]
[Date "2023.10.03"]
[Round "1"]
[White "babero_gordo"]
[Black "IamSchrodingersCat"]
[Result "0-1"]
[WhiteElo "1926"]
[BlackElo "2516"]
[TimeControl "180+1"]
[EndTime "14:04:36 PDT"]
[Termination "IamSchrodingersCat won by resignation"]

1. e4 c5 2. d4 cxd4 3. c3 dxc3 4. Nxc3 Nc6 5. Nf3 e6 6. Bc4 d6 7. O-O Nf6 8. Qe2 Qc7 9. Rd1 a6 10. Bf4 Ng4 11. h3 Nge5 12. Bb3 Be7 13. Rac1 Qb8 14.
Nxe5 dxe5 15. Be3 Nd4 16. Bxd4 exd4 17. Rxd4 O-O 18. e5 b5 19. Rg4 Ra7 20. Ne4 Qxe5 21.
f4 Qd4+ 22. Kh2 f5 23. Rd1 Qxe4 24. Qxe4 fxe4 25. Rd4 Bf6 26. Rxe4 Bxb2 27. Bxe6+ Bxe6 28. Rxe6 Bf6 0-1

[Event "Late-Titled-Tuesday-Blitz-October-03-2023"]
[Site "Chess.com"]
[Date "2023.10.03"]
[Round "1"]
[White "crazy_but_lazy"]
[Black "The_Princess_Moon"]
[Result "0-1"]
[WhiteElo "2575"]
[BlackElo "2303"]
[TimeControl "180+1"]
[EndTime "14:04:39 PDT"]
[Termination "The_Princess_Moon won by resignation"]

1. c4 c5 2. Nc3 d6 3. g3 Nc6 4.
Bg2 Nf6 5. d3 g6 6. h4 Bg7 7.
Nh3 Bg4 8. Nf4 h5 9. Bd2 O-O 10.
O-O Nd4 11. Rb1 Rb8 12. a3 Qd7 13. b4 e5 14. Nfd5 Nxd5 15. Nxd5 Nxe2+ 16. Kh2 Nxg3 17. f3 Nxf1+ 18. Qxf1 Be6 19. f4 exf4 20. Bxf4 Bxd5 21. Bxd5 Qg4 22. Bxd6 Qxh4+ 23. Kg2 Qg5+ 24. Kh1 Be5 25.
Bxb8 Qh4+ 26. Kg2 Qg3+ 0-1

[Event "Late-Titled-Tuesday-Blitz-October-03-2023"]
[Site "Chess.com"]
[Date "2023.10.03"]
[Round "1"]
[White "LeninGuerra"]
[Black "YellowJacek"]
[Result "1-0"]
[WhiteElo "2598"]
[BlackElo "2296"]
[TimeControl "180+1"]
[EndTime "14:04:44 PDT"]
[Termination "LeninGuerra won by resignation"]

1. e4 c5 2. Nf3 d6 3. b4 cxb4 4. a3 bxa3 5. Bxa3 Nf6 6. Bd3 Nc6 7. O-O g6 8. c3 Bg7 9. Bc2 e5 10. d3 O-O 11. Nbd2 Re8 12. Nc4 d5 13. Nd6 Re6 14.
Nxc8 Rxc8 15. Qb1 dxe4 16. dxe4 Qc7 17. Rd1 Na5 18. Bb4 Nc6 19. Ng5 Ree8 20. Bd6 Qd7 21.
Bb3 Nd8 22. Bxe5 Qg4 23. Rxd8 Qxg5 24. Rxc8 Rxc8 25. f4 Qg4 26. Rxa7 Nxe4 27. Qxe4 Bxe5 28. Qxe5 1-0

[Event "Late-Titled-Tuesday-Blitz-October-03-2023"]
[Site "Chess.com"]
[Date "2023.10.03"]
[Round "1"]
[White "KaydenTroffChess"]
[Black "wild3000"]
[Result "1-0"]
[WhiteElo "2764"]
[BlackElo "2425"]
[TimeControl "180+1"]
[EndTime "14:04:47 PDT"]
[Termination "KaydenTroffChess won by resignation"]

1. d4 d5 2. Nf3 Nf6 3. Bf4 c6 4. e3 Bf5 5. Nbd2 Nbd7 6. Bd3 Bg6 7. O-O e6 8. Ne5 Nxe5 9. dxe5 Nh5 10. Qg4 Be7 11.
Nf3 Nxf4 12. exf4 h5 13. Qg3 Bxd3 14. Qxg7 Kd7 15. cxd3 Qg8 16. Qxg8 Raxg8 17. h4 c5 18. g3 b5 19. Kh2 a5 20. Rac1 Rc8 21. b3 Rc6 22.
Kh3 Ra8 23. Ng5 Ke8 24. g4 hxg4+ 25. Kxg4 a4 26. h5 Kf8 27. h6 axb3 28. axb3 Kg8 29. Ra1 f6 1-0

[Event "Late-Titled-Tuesday-Blitz-October-03-2023"]
[Site "Chess.com"]
[Date "2023.10.03"]
[Round "1"]
[White "RebecaJimnz"]
[Black "Mikedannnn"]
[Result "0-1"]
[WhiteElo "2196"]
[BlackElo "2554"]
[TimeControl "180+1"]
[EndTime "14:04:50 PDT"]
[Termination "Mikedannnn won by checkmate"]

1. e4 c5 2. Nc3 a6 3. g3 b5 4.
Bg2 Bb7 5. d3 g6 6. Be3 d6 7.
Qd2 Bg7 8. Nge2 Nc6 9. O-O Nf6 10. Bh6 O-O 11. Bxg7 Kxg7 12. f4 b4 13. Nd1 e5 14.
f5 d5 15. Qe3 Nd4 16. c3 Nc2 17. Qxc5 Nxa1 18. Ne3 dxe4 19. dxe4 Qd3 20. Nc1 Qd2 21. Nc4 Rac8 22. Qxb4 Rxc4 23. Qxc4 Nc2 24. Qc7 Ne3 25. Nb3 Qxg2# 0-1

[Event "Late-Titled-Tuesday-Blitz-October-03-2023"]
[Site "Chess.com"]
[Date "2023.10.03"]
[Round "1"]
[White "HalfIsCrayfish"]
[Black "Garmendiarov"]
[Result "1-0"]
[WhiteElo "2614"]
[BlackElo "2313"]
[TimeControl "180+1"]
[EndTime "14:04:53 PDT"]
[Termination "HalfIsCrayfish won by resignation"]

1. d4 Nf6 2. c4 g6 3. f3 d5 4. cxd5 Nxd5 5. e4 Nb6 6. Nc3 Bg7 7. Be3 O-O 8. Qd2 N8d7 9. O-O-O c6 10. h4 h5 11. g4 Nf6 12. e5 Nfd5 13. Nxd5 Nxd5 14. Bh6 Kh7 15. Bxg7 Kxg7 16. gxh5 Bf5 17. hxg6 fxg6 18. h5 Rh8 19. Bd3 Bxd3 20. Qxd3 Nf4 21.
Qe4 Nxh5 22. Ne2 Qd5 23. Nc3 Qxe4 24. fxe4 e6 25. d5 cxd5 26. exd5 exd5 27. Rxd5 Rad8 28.
Rhd1 Rxd5 29. Rxd5 Rf8 30. Rd7+ Rf7 31. e6 1-0

[Event "Late-Titled-Tuesday-Blitz-October-03-2023"]
[Site "Chess.com"]
[Date "2023.10.03"]
[Round "1"]
[White "Orest_Vovk"]
[Black "Krakozia"]
[Result "0-1"]
[WhiteElo "2500"]
[BlackElo "3007"]
[TimeControl "180+1"]
[EndTime "14:04:57 PDT"]
[Termination "Krakozia won by resignation"]

1. h4 d5 2. h5 e5 3. h6 Nxh6 4. d4 Nc6 5. Bxh6 gxh6 6. dxe5 Nxe5 7. Nf3 Bg7 8. Nxe5 Bxe5 9. Nc3 d4 10. Ne4 Bf5 11.
Qd3 Qd5 12. Rh4 O-O-O 13. Qf3 Qa5+ 14. Nd2 Bf6 15. b4 Qe5 16. Rf4 d3 17. Nb3 Qc3+ 18. Kd1 dxc2+ 0-1

[Event "Late-Titled-Tuesday-Blitz-October-03-2023"]
[Site "Chess.com"]
[Date "2023.10.03"]
[Round "1"]
[White "GM_dmitrij"]
[Black "Defend1r"]
[Result "1-0"]
[WhiteElo "3053"]
[BlackElo "2506"]
[TimeControl "180+1"]
[EndTime "14:05:00 PDT"]
[Termination "GM_dmitrij won by resignation"]

1. e4 c5 2. c3 Nf6 3. e5 Nd5 4. Bc4 Nb6 5. Bb3 Nc6 6. d4 cxd4 7. cxd4 d6 8. e6 fxe6 9. Nf3 d5 10. Nc3 g6 11. h4 Bg7 12. h5 Nc4 13. hxg6 hxg6 14.
Rxh8+ Bxh8 15. Qd3 Kd7 16. Bxc4 dxc4 17. Qxc4 Qa5 18.
Be3 a6 19. O-O-O Kc7 20. Bf4+ Kb6 21. d5 exd5 22. Nxd5+ Ka7 23. Be3+ Kb8 24. Bb6 Qb5 25. Qf4+ e5 26. Qf8 Qc4+ 27. Kb1 Nd4 28. Qd6+ 1-0

[Event "Late-Titled-Tuesday-Blitz-October-03-2023"]
[Site "Chess.com"]
[Date "2023.10.03"]
[Round "1"]
[White "KNVB"]
[Black "i_like_explosions"]
[Result "1-0"]
[WhiteElo "2704"]
[BlackElo "2386"]
[TimeControl "180+1"]
[EndTime "14:05:05 PDT"]
[Termination "KNVB won by resignation"]

1. d4 Nf6 2. Nc3 d5 3. Bf4 Bf5 4. e3 e6 5. Bd3 Bxd3 6. cxd3 c6 7. Nf3 Be7 8. e4 O-O 9. O-O b5 10. Qe2 a5 11. a4 b4 12. Nb1 Nbd7 13. Nbd2 c5 14. e5 Ne8 15. dxc5 Nxc5 16. d4 Nb7 17. Qb5 Ra7 18. Rfc1 Nc7 19. Qb6 1-0

[Event "Late-Titled-Tuesday-Blitz-October-03-2023"]
[Site "Chess.com"]
[Date "2023.10.03"]
[Round "1"]
[White "Hirna2005"]
[Black "Macron20hTF1"]
[Result "0-1"]
[WhiteElo "2307"]
[BlackElo "2607"]
[TimeControl "180+1"]
[EndTime "14:05:08 PDT"]
[Termination "Macron20hTF1 won by resignation"]

1. e4 c6 2. Nc3 d5 3. Nf3 g6 4.
d4 Bg7 5. Be3 dxe4 6. Nxe4 Nf6 7. Bd3 O-O 8. Qd2 Nbd7 9. Bh6 Nxe4 10. Bxe4 Nf6 11. Bd3 Re8 12. Bxg7 Kxg7 13. O-O-O Bg4 14. Qf4 Bxf3 15. Qxf3 Qa5 16. Kb1 Rad8 17. c3 c5 18. dxc5 Qxc5 19. Rhe1 e5 20. Bc2 e4 21. Qf4 Nd5 22.
Qh4 f5 23. Bb3 Nf6 24. Qf4 a5 25. h3 h5 26. Rxd8 Rxd8 27. f3 Qf2 28. Qc7+ Rd7 0-1

[Event "Late-Titled-Tuesday-Blitz-October-03-2023"]
[Site "Chess.com"]
[Date "2023.10.03"]
[Round "1"]
[White "Biregina"]
[Black "Beca95"]
[Result "0-1"]
[WhiteElo "2498"]
[BlackElo "2999"]
[TimeControl "180+1"]
[EndTime "14:05:10 PDT"]
[Termination "Beca95 won by resignation"]

1. d4 Nf6 2. Nf3 e6 3. g3 c5 4. e3 d5 5. Bg2 b6 6. O-O Ba6 7. Re1 Be7 8. Nbd2 Nbd7 9. b3 O-O 10. Bb2 Rc8 11. Rc1 c4 12. c3 b5 13. e4 Nxe4 14.
Nxe4 dxe4 15. Rxe4 Bb7 16. Re1 Nb6 17. Qd2 a5 18.
Re5 Bd5 19. Qc2 a4 20. b4 a3 21. Bxa3 Ra8 22. Bb2 Rxa2 23. Qb1 Qa8 24. h4 Rxb2 25. Qxb2 Bxf3 26. Bxf3 Qxf3 27. Rxb5 Nd5 28. Qd2 h5 29.
Ra5 g6 30. Ra7 Bxh4 31. b5 Bd8 32. Rd7 h4 33. gxh4 Nf4 0-1

[Event "Late-Titled-Tuesday-Blitz-October-03-2023"]
[Site "Chess.com"]
[Date "2023.10.03"]
[Round "1"]
[White "MAGMAchess02"]
[Black "ArtemDyachuk"]
[Result "0-1"]
[WhiteElo "2366"]
[BlackElo "2674"]
[TimeControl "180+1"]
[EndTime "14:05:11 PDT"]
[Termination "ArtemDyachuk won by resignation"]

1. Nf3 Nf6 2. c4 c5 3. g3 b6 4. Bg2 Bb7 5. Nc3 e6 6. O-O Be7 7. b3 O-O 8. Bb2 d6 9. d4 cxd4 10. Qxd4 a6 11. Rfd1 Nbd7 12. Rac1 Rc8 13. Rc2 Qc7 14. a4 Qb8 15. Rcd2 Nc5 16. Ng5 h6 17. Nge4 Nxb3 18. Qd3 Nxd2 19. Rxd2 Qc7 20. Nxf6+ Bxf6 21. Qxd6 Qxd6 22. Rxd6 Bxg2 23. Kxg2 Rxc4 24. Nd1 Rd8 25. Rxd8+ Bxd8 0-1

[Event "Late-Titled-Tuesday-Blitz-October-03-2023"]
[Site "Chess.com"]
[Date "2023.10.03"]
[Round "1"]
[White "maurovargas01"]
[Black "TheoSlade"]
[Result "0-1"]
[WhiteElo "1906"]
[BlackElo "2513"]
[TimeControl "180+1"]
[EndTime "14:05:12 PDT"]
[Termination "TheoSlade won on time"]

1. e4 e5 2. Nf3 Nc6 3. Bc4 Bc5 4. O-O Nf6 5. d4 Bxd4 6. Nxd4 Nxd4 7. f4 d6 8. fxe5 dxe5 9. c3 Bg4 10. Bxf7+ Kxf7 11. Rxf6+ Qxf6 12. Qxg4 Ne6 13. Be3 Rhf8 14. Nd2 Kg8 15. Rf1 Qg6 16. Qh3 Rxf1+ 17. Nxf1 Rf8 18.
Nd2 a6 19. Nf3 Nf4 20. Qg3 Ne2+ 21. Kf2 Nxg3 22. hxg3 Qxe4 23. Ke2 Qc2+ 24. Nd2 Qxb2 25. Bc5 Rd8 26. Be3 Qxc3 0-1

[Event "Late-Titled-Tuesday-Blitz-October-03-2023"]
[Site "Chess.com"]
[Date "2023.10.03"]
[Round "1"]
[White "Angry_Twin"]
[Black "Valeron87"]
[Result "1-0"]
[WhiteElo "2923"]
[BlackElo "2475"]
[TimeControl "180+1"]
[EndTime "14:05:13 PDT"]
[Termination "Angry_Twin won on time"]

1. e4 c5 2. Nf3 Nc6 3. Bb5 e6 4. Bxc6 bxc6 5. d3 Ne7 6. Qe2 Qc7 7. h4 e5 8. h5 h6 9. Nbd2 d6 10. Nc4 Ng8 11. c3 Nf6 12. d4 cxd4 13. cxd4 Bg4 14. b3 Bxf3 15. Qxf3 d5 16. exd5 Bb4+ 17. Kf1 e4 18. d6 exf3 19. dxc7 fxg2+ 20. Kxg2 Nd5 21. Be3 f6 22. Kf3 Kd7 23. Rhg1 Rhg8 24. Rg6 Rae8 25. Rag1 Re7 26. Bxh6 Kxc7 27. Rxg7 Rgxg7 28. Rxg7 Rxg7 29. Bxg7 1-0

[Event "Late-Titled-Tuesday-Blitz-October-03-2023"]
[Site "Chess.com"]
[Date "2023.10.03"]
[Round "1"]
[White "Bodhanas"]
[Black "szachuspl"]
[Result "0-1"]
[WhiteElo "2126"]
[BlackElo "2535"]
[TimeControl "180+1"]
[EndTime "14:05:14 PDT"]
[Termination "szachuspl won by resignation"]

1. d4 Nf6 2. Nf3 g6 3. Bf4 Bg7 4. e3 O-O 5. Bd3 d6 6. O-O Nbd7 7. Re1 Re8 8. e4 e5 9. dxe5 dxe5 10. Bg3 c6 11.
Nbd2 Qe7 12. h3 Nh5 13. Bh2 Nf4 14. Bxf4 exf4 15. e5 Nxe5 16. Nxe5 Bxe5 17. Nf3 f6 18. Bc4+ Kg7 19. Nxe5 fxe5 20. Qf3 Bf5 21. c3 Rad8 22. Rad1 Rxd1 23. Rxd1 g5 24. Qe2 e4 25. h4 g4 26. Re1 Qxh4 27. Qd2 g3 28. Qd4+ Qf6 29.
Qxf6+ Kxf6 30. fxg3 fxg3 31. Re3 h5 32. Rxg3 e3 33. Be2 h4 34. Rf3 Kg5 35. Kf1 a5 36. a3 c5 37. g3 h3 38. Rf4 Rd8 39. Bf3 Rd2 40. Be2 Rxb2 41. Rh4 Rb1+ 42. Bd1 Rxd1+ 43. Ke2 Rc1 44. Kxe3 Rxc3+ 45. Kf2 Rxa3 46. Rh8 h2 47. Rxh2 Ra2+ 48. Kg1 Rxh2 49. Kxh2 Kg4 0-1

[Event "Late-Titled-Tuesday-Blitz-October-03-2023"]
[Site "Chess.com"]
[Date "2023.10.03"]
[Round "1"]
[White "Chempiblinka"]
[Black "aa175"]
[Result "0-1"]
[WhiteElo "2299"]
[BlackElo "2605"]
[TimeControl "180+1"]
[EndTime "14:05:20 PDT"]
[Termination "aa175 won on time"]

1. Nf3 d5 2. c4 c6 3. g3 Bf5 4.
cxd5 cxd5 5. Qb3 Nc6 6. Qxb7 Rc8 7. Nc3 e6 8. Bg2 Nf6 9. O-O Bd6 10. Nb5 Bc5 11.
b4 Nxb4 12. Nfd4 Rb8 13. Nc7+ Kf8 14. Nc6 Rxb7 15. Nxd8 Rxc7 0-1

[Event "Late-Titled-Tuesday-Blitz-October-03-2023"]
[Site "Chess.com"]
[Date "2023.10.03"]
[Round "1"]
[White "Hikaru"]
[Black "Marasmus01"]
[Result "1-0"]
[WhiteElo "3270"]
[BlackElo "2511"]
[TimeControl "180+1"]
[EndTime "14:05:23 PDT"]
[Termination "Hikaru won by resignation"]

1. Nf3 Nf6 2. a3 g6 3. b4 Bg7 4. Bb2 O-O 5. c4 a5 6. b5 c6 7. a4 d5 8. e3 Bg4 9. cxd5 cxd5 10.
Be2 Nbd7 11. O-O Rc8 12. Nc3 e5 13. d4 e4 14. Nd2 Be6 15. Nb3 b6 16. Rc1 Qe7 17. Nb1 Qb4 18. N1d2 Nb8 19. Ra1 Rfd8 20. Ba3 Qc3 21. Rc1 Qxc1 22. Nxc1 Nbd7 23. Na2 Re8 24. Nb1 Rc7 25. Qd2 Rec8 26. Rc1 Bf8 27. Bxf8 Nxf8 28.
Rxc7 Rxc7 29. Nac3 N8d7 30. Bd1 Ne8 31. Bb3 Nef6 32.
Qa2 Bg4 33. h3 Bd1 34. Bxd1 1-0